 Dungeon Crawl Stone Soup version 0.29-a0-338-g1ff7896281 (webtiles) character file.

Game seed: 1518043690480122457

0 spaghetti the Digger (level 1, 13/16 HPs)
             Began as an Ogre Earth Elementalist on Apr 18, 2022.
             Quit the game on level 1 of the Dungeon.
             The game lasted 00:00:21 (59 turns).

spaghetti the Digger (Ogre Earth Elementalist)        Turns: 59, Time: 00:00:22

Health: 13/16      AC:  3    Str: 11    XL:     1   Next: 10%
Magic:  0/3        EV:  9    Int: 16    God:
Gold:   16         SH:  0    Dex:  9    Spells: 3/4 levels left

rFire   . . .      SeeInvis .   (no weapon)
rCold   . . .      Faith    .   (no shield)
rNeg    . . .      Spirit   .   b - +0 robe
rPois   .          Reflect  .   (helmet restricted)
rElec   .          Harm     .   (no cloak)
rCorr   .          Rampage  .   (gloves unavailable)
Will    .....                   (boots unavailable)
Stlth   +.........              (no amulet)
HPRegen 0.05/turn               (no ring)
MPRegen 0.08/turn               (no ring)

@: brilliant, lethally poisoned (13 -> 0), very slightly contaminated
A: large, unfitting armour, tough skin 1
a: no special abilities


You were on level 1 of the Dungeon.
You visited 1 branch of the dungeon, and saw 1 of its levels.

You collected 16 gold pieces.


Innate Abilities, Weirdness & Mutations

You are too large for most types of armour.
You have tough skin. (AC +1)


   Skills:
 - Level 1.7 Dodging
 - Level 1.4 Stealth
 - Level 2.4 Spellcasting
 - Level 0.8 Transmutations
 + Level 2.7 Earth Magic


You had 3 spell levels left.
You knew the following spells:

 Your Spells              Type           Power      Damage    Failure   Level
a - Sandblast             Erth           32%        2d9       6%          1

Your spell library contained the following spells:

 Spells                   Type           Power      Damage    Failure   Level
 Passwall                 Tmut/Erth      9%         N/A       14%         2
 Stone Arrow              Conj/Erth      18%        3d8       34%         3
 Petrify                  Tmut/Erth      11%        N/A       67%         4

Inventory:

Missiles
 a - 53 stones {throwing}
Armour
 b - a +0 robe (worn)
Potions
 c - a potion of magic

Dungeon Overview and Level Annotations

Branches:
Dungeon (1/15)

Altars:

#..# ..# #.##
#.# #.# #.# #.#
#.# #.# #.# #.#
#.# #.# #K#
###.# #@###...#
#......#######.
#####.#........
#.†########
#.## #.# #.#
#.# #.#


You could see a kobold.


Message History

🤖 Initializing magus.rc ...
Options error: Delay interrupt name "hungry" not recognised. (~/.crawlrc:4761) Options error: Bad monster_list_colour key: strict_neutral (~/.crawlrc:4776) ✅ Successfully initialized magus.rc [v1.9.6] Welcome, spaghetti the Ogre Earth Elementalist.
Everyone else who sought the Orb of Zot has failed.
Will you be different?
Press ? for a list of commands and other information.
Found a yellow potion.
Found a staircase leading out of the dungeon.
d - a yellow potion You open the door.
There is an open door here.
You now have 16 gold pieces.
a - 56 stones {throwing} (gained 26)
A ball python comes into view.
A ball python is nearby!
A ball python is nearby!
(D) Dungeon
Where to? (? - help) Sorry, I don't know how to get there.
A rat comes into view.
The rat bites you. 😕 HP[-1]
You take 1 damage, and now have 15/16 hp.
A rat is nearby!
A rat is nearby!
A rat is nearby!
A rat is nearby!
A rat is nearby!
Casting: Sandblast (safe; 7% risk of failure)
Confirm with . or Enter, or press ? or * to list all spells.
Aiming: Sandblast (safe; 7% risk of failure)
Press: ? - help, Shift-Dir - straight line, f - rat
Aim: a rat (79% to hit)
The blast of sand hits the rat.
You kill the rat! 😕 MP[-1]
You lost 1 mp, and now have 2/3 mp.
You see here a rat corpse.
A kobold comes into view.
It is wielding a +1 short sword of venom.
The kobold shouts! 😎 HP[+1] MP[+1]
Your hp is fully restored (16).
Your mp is fully restored (3).
A kobold is nearby!
A kobold is nearby!
A kobold is nearby!
Casting: Sandblast (safe; 6% risk of failure)
Confirm with . or Enter, or press ? or * to list all spells.
You can't see any susceptible monsters within range! (Use Z to cast anyway.)
Casting: Sandblast (safe; 6% risk of failure)
Confirm with . or Enter, or press ? or * to list all spells.
Aiming: Sandblast (safe; 6% risk of failure)
Press: ? - help, Shift-Dir - straight line, f - kobold
Aim: a kobold, wielding a +1 short sword of venom (74% to hit)
The blast of sand hits the kobold but does no damage. 😎 MP[-1]
You lost 1 mp, and now have 2/3 mp.
Casting: Sandblast (safe; 6% risk of failure)
Confirm with . or Enter, or press ? or * to list all spells.
Aiming: Sandblast (safe; 6% risk of failure)
Press: ? - help, Shift-Dir - straight line, f/p - kobold
Aim: a kobold, wielding a +1 short sword of venom (74% to hit)
You miscast Sandblast.
You are very lightly contaminated with residual magic.
Nothing appears to happen.
The kobold completely misses you. 😎 MP[-1]
You lost 1 mp, and now have 1/3 mp.
Unknown command.
Casting: Sandblast (safe; 6% risk of failure)
Confirm with . or Enter, or press ? or * to list all spells.
Aiming: Sandblast (safe; 6% risk of failure)
Press: ? - help, Shift-Dir - straight line, f/p - kobold
Aim: a kobold, wielding a +1 short sword of venom (74% to hit)
The blast of sand hits the kobold.
The kobold hits you but does no damage.
You are poisoned. 😎 MP[-1]
You lost 1 mp, and now have 0/3 mp.
Unknown command.
Casting: Sandblast (safe; 6% risk of failure)
Confirm with . or Enter, or press ? or * to list all spells.
You don't have enough magic to cast this spell.
It was a potion of brilliance.
You feel clever all of a sudden.
You feel sick.
The kobold hits you with a +1 short sword of venom.
You are lethally poisoned! 😕 HP[-3]
You take 3 damage, and now have 13/16 hp.
Okay, then.
Unknown command.
Are you sure you want to abandon this character and quit the game? (Confirm with "yes".)

Action                   || total
-------------------------++-------
 Cast: Sandblast         ||     3
  Use: Potion            ||     1
Armor: Robe              ||     1
Dodge: Dodged            ||     1

Levels and vault maps discovered:
D:1:      minmay_arrival_solitary_statue, layout_loops_ring,
          amcnicky_mini_corridor_feature, minmay_misc_feat_hallway,
          serial_bayou_lake_a

Notes
Turn   | Place    | Note
-------+----------+-------------------------------------------
     0 | D:1      | spaghetti the Ogre Earth Elementalist began the quest for
                  | the Orb.
     0 | D:1      | Reached XP level 1. HP: 16/16 MP: 3/3
     0 | D:1      | magus.rc [v1.9.6]
    59 | D:1      | Quit the game

Vanquished Creatures
  A rat (D:1)
1 creature vanquished.

Table legend:
 A = Non-vault XP
 B = Vault XP
 C = Vault XP percentage of total XP
 D = Non-vault monster count
 E = Vault monster count
 F = Vault count percentage of total count
                 A         B        C        D         E       F
            +---------+---------+-------+---------+---------+-------
      Total |       1 |       0 |   0.0 |       1 |       0 |   0.0
            +---------+---------+-------+---------+---------+-------
        D:1 |       1 |       0 |   0.0 |       1 |       0 |   0.0
            +---------+---------+-------+---------+---------+-------

Illustrated notes

Table legend:
 A = Kills in this place as a percentage of kills in entire the game.
 B = Kills by you in this place as a percentage of kills by you in the entire game.
 C = Kills by friends in this place as a percentage of kills by friends in the entire game.
 D = Other kills in this place as a percentage of other kills in the entire game.
 E = Experience gained in this place as a percentage of experience gained in the entire game.
 F = Experience gained in this place divided by the number of levels of this place that you have seen.
                   A       B       C       D       E      F
               +-------+-------+-------+-------+-------+----------------------
         Total | 100.0 | 100.0 |   N/A |   N/A | 100.0 |   1.0
       Dungeon | 100.0 | 100.0 |   N/A |   N/A | 100.0 |   1.0
               +-------+-------+-------+-------+-------+----------------------

Table legend: (Time is in decaauts)
 A = Elapsed time spent in this place.
 B = Non-inter-level travel time spent in this place.
 C = Inter-level travel time spent in this place.
 D = Time resting spent in this place.
 E = Time spent auto-exploring this place.
 F = Levels seen in this place.
 G = Mean time per level.
                   A        B        C        D        E       F      G
               +--------+--------+--------+--------+--------+-----+--------+
         Total |     59 |     59 |      0 |      0 |     41 |   1 |   59.0 |
       Dungeon |     59 |     59 |      0 |      0 |     41 |   1 |   59.0 |
               +--------+--------+--------+--------+--------+-----+--------+

Top non-repeatable levels by time:
     D:1: 59 daAuts
